 Dungeon Crawl Stone Soup version 0.31-a0-95-g6fa058ef04 (webtiles) character file.

Game seed: 11653260292045103432

172 Barriton the Conjurer (level 5, -2/39 HPs)
             Began as a Draconian Conjurer on May 25, 2023.
             Slain by Pikel
             ... wielding a +1 whip of freezing
              (5 damage)
             ... on level 4 of the Dungeon.
             The game lasted 00:03:37 (2393 turns).

Barriton the Conjurer (Draconian Conjurer)          Turns: 2393, Time: 00:03:38

Health: -2/39      AC:  6    Str:  9    XL:     5   Next: 27%
Magic:  9/18       EV: 12    Int: 21    God:
Gold:   156        SH:  0    Dex:  9    Spells: 7/10 levels left

rFire   . . .        (no weapon)
rCold   . . .        (no shield)
rNeg    . . .        (body armour unavailable)
rPois   .            (helmet restricted)
rElec   .            (no cloak)
rCorr   .            c - +0 pair of gloves
SInv    .            (no boots)
Will    .....        e - amulet of magic regeneration
Stlth   ++           f - ring of magical power
HPRegen 0.26/turn    (no ring)
MPRegen 0.56/turn

%: no passive effects
@: no status effects
A: AC +5, unfitting armour, cold-blooded
a: no special abilities


You were on level 4 of the Dungeon.
You visited 1 branch of the dungeon, and saw 4 of its levels.

You collected 156 gold pieces.

Inventory:

Armour
 c - a +0 pair of gloves (worn)
Jewellery
 e - an amulet of magic regeneration (around neck)
 f - a ring of magical power (left hand)
Scrolls
 b - 4 scrolls of identify
 i - 2 scrolls of magic mapping
Potions
 a - a potion of magic
 d - a potion of attraction
 g - 2 potions of curing
 h - a potion of degeneration {unknown}
 j - 2 potions of heal wounds {unknown}


   Skills:
 + Level 0.4 Fighting
 + Level 2.3 Dodging
 + Level 2.0 Stealth
 + Level 0.7 Unarmed Combat
 + Level 3.0 Spellcasting
 + Level 5.5 Conjurations


You had 7 spell levels left.
You knew the following spells:

 Your Spells              Type           Power      Damage    Failure   Level
a - Magic Dart            Conj           100%       1d8       1%          1
b - Searing Ray           Conj           52%        2d6       1%          2

Your spell library contained the following spells:

 Spells                   Type           Power      Damage    Failure   Level
 Dazzling Flash           Conj/Hex       26%        N/A       16%         3
 Cigotuvi's Dreadful Rot  Necr/Pois/Air  2%         N/A       24%         2
 Ignite Poison            Fire/Tmut/Pois 1%         N/A       43%         3
 Fulminant Prism          Conj/Hex       6%         3d7       45%         4
 Iskenderun's Mystic Bla  Conj/Tloc      13%        2d5       45%         4
 Freezing Cloud           Conj/Ice/Air   4%         6-21      91%         5


Dungeon Overview and Level Annotations

Branches:
Dungeon (3/15)

Altars:

Annotations:
D:4 Pikel


Innate Abilities, Weirdness & Mutations

Your plain brown scales are hard. (AC +5)
You cannot fit into any form of body armour.
You are cold-blooded and may be slowed by cold attacks.


Message History

Restarting spell: Searing Ray (safe; 1% risk of failure)
Press: ? - help, Shift-Dir - straight line, f/p - lemure
Aim: a lemure (severely wounded, 74% to hit)
The searing ray hits Pikel.
Pikel is moderately wounded.
The searing ray hits the lemure.
The lemure is almost dead.
The searing ray hits the lemure!
You kill the lemure!
That felt strangely unrewarding. (Press . to maintain the ray.) Pikel hits you with a +1 whip of freezing.
Pikel freezes you.
The searing ray hits Pikel but does no damage.
Pikel is moderately wounded.
The searing ray hits the lemure.
The lemure is almost dead.
Pikel hits you but does no damage.
The searing ray misses Pikel.
The searing ray hits the lemure!
You kill the lemure!
That felt strangely unrewarding.
Pikel hits you with a +1 whip of freezing!
Pikel freezes you.
* * * LOW HITPOINT WARNING * * *
Casting: Searing Ray (safe; 1% risk of failure)
Confirm with . or Enter, or press ? or * to list all spells.
Restarting spell: Searing Ray (safe; 1% risk of failure)
Press: ? - help, Shift-Dir - straight line, f - Pikel
Aim: Pikel, wielding a +1 whip of freezing and wearing a +0 robe (moderately wounded, 74% to hit)
The searing ray hits Pikel but does no damage.
Pikel is moderately wounded. (Press . to maintain the ray.) Pikel hits you with a +1 whip of freezing!
* * * LOW HITPOINT WARNING * * *
Pikel freezes you.
* * * LOW HITPOINT WARNING * * *
The searing ray hits Pikel.
Pikel is heavily wounded.
Pikel hits you with a +1 whip of freezing.
You die...

#.##.....#........
#.##.....#........
#.##.....#........
#.##.....#........
#.##.....#........
#.##.....#........
#.##.....######.#.
#.##.....######.#.
#@##..............
#K##..............
#.##..............
#.##..............
#.................
####5........##...
#............#.
#............#.
#5...........#.


You could see Pikel.

Vanquished Creatures
  4 lemures (D:4)
  A scorpion (D:4)
  5 adders
  A worm (D:3)
  2 dart slugs (D:1)
  An orc (D:4)
  6 ball pythons
  7 bats
  12 endoplasms
  3 goblins
  3 hobgoblins (D:1)
  A quokka (D:2)
  6 frilled lizards
  6 kobolds
  7 rats
65 creatures vanquished.

Notes
Turn   | Place    | Note
-------+----------+-------------------------------------------
     0 | D:1      | Barriton the Draconian Conjurer began the quest for the
                  | Orb.
     0 | D:1      | Reached XP level 1. HP: 14/14 MP: 3/3
   220 | D:1      | Reached XP level 2. HP: 14/20 MP: 0/5
   223 | D:1      | Learned a level 2 spell: Searing Ray
   752 | D:1      | Reached XP level 3. HP: 7/26 MP: 1/6
  1352 | D:2      | Reached skill level 5 in Conjurations
  1621 | D:2      | Found a faded altar of an unknown god.
  1810 | D:2      | Reached XP level 4. HP: 34/34 MP: 7/7
  2124 | D:3      | You fall into a shaft and drop 1 floor!
  2265 | D:4      | Noticed a scorpion
  2271 | D:4      | Killed a scorpion
  2272 | D:4      | Reached XP level 5. HP: 39/39 MP: 9/9
  2364 | D:4      | Noticed a lemure
  2365 | D:4      | Noticed Pikel
  2367 | D:4      | Noticed a lemure
  2369 | D:4      | Noticed a lemure
  2371 | D:4      | Noticed a lemure
  2384 | D:4      | Killed a lemure
  2386 | D:4      | Killed a lemure
  2389 | D:4      | Killed a lemure
  2391 | D:4      | Killed a lemure
  2393 | D:4      | Slain by Pikel

Illustrated notes

Levels and vault maps discovered:
D:1:      mrwooster_arrival_statue_3, layout_rooms
D:2:      minmay_door_path, layout_basic,
          shapermc_ecumenical_altar_mp_urbaneastern
D:3:      layout_loops_ring, fedhas_altar_fruit_tree
D:4:      layout_basic, nicolae_tso_swordbearing_angel,
          minmay_temple_entry_drinking_statues, grunt_ministairs_13, uniq_pikel

Skill      XL: |  1  2  3  4 |
---------------+-------------+-----
Dodging        | 2 |  2.3
Conjurations   | 5 |  5.5
Stealth        | 2 |  2.0
Spellcasting   | 3 |  3.0
Fighting       | |  0.4
Unarmed Combat | |  0.7

Action                     |  1- 3 |  4- 6 || total
---------------------------+-------+-------++-------
  Melee: Unarmed           |    41 |       ||    41
         Tailslap          |     6 |       ||     6
   Cast: Magic Dart        |    79 |    37 ||   116
         Searing Ray       |     1 |     6 ||     7
    Use: Scroll            |     3 |       ||     3
 Armour: Skin              |    33 |     7 ||    40
  Dodge: Dodged            |    57 |    13 ||    70

Table legend: (Time is in decaauts)
 A = Elapsed time spent in this place.
 B = Non-inter-level travel time spent in this place.
 C = Inter-level travel time spent in this place.
 D = Time resting spent in this place.
 E = Time spent auto-exploring this place.
 F = Levels seen in this place.
 G = Mean time per level.
                   A        B        C        D        E       F      G
               +--------+--------+--------+--------+--------+-----+--------+
         Total |   2397 |   2341 |     56 |      0 |   1982 |   4 |  599.2 |
       Dungeon |   2397 |   2341 |     56 |      0 |   1982 |   4 |  599.2 |
               +--------+--------+--------+--------+--------+-----+--------+

Top non-repeatable levels by time:
     D:1: 1074 daAuts
     D:2: 1028 daAuts
     D:4: 268 daAuts
     D:3: 25 daAuts
